 Dungeon Crawl Stone Soup version 0.22-a0-567-gff9aefc (webtiles) character file.

107 Ijustatesigmund the Chopper (level 4, -14/41 HPs)
             Began as a Hill Orc Fighter on June 29, 2018.
             Demolished by an ogre
             ... wielding a +0 giant club
              (23 damage)
             ... on level 3 of the Dungeon.
             The game lasted 00:03:25 (1436 turns).

Ijustatesigmund the Chopper (Hill Orc Fighter)      Turns: 1436, Time: 00:03:27

Health: -14/41     AC: 10    Str: 18    XL:     4   Next: 86%
Magic:  4/4        EV:  4    Int:  8    God:
Gold:   134        SH:  9    Dex: 11    Spells: 3/3 levels left

rFire    . . .     SeeInvis .   a - +0 war axe
rCold    . . .     Gourm    .   c - +0 shield
rNeg     . . .     Faith    .   b - +0 chain mail
rPois    .         Spirit   .   (no helmet)
rElec    .         Reflect  .   g - +0 cloak
rCorr    .         Harm     .   (no gloves)
MR       .....                  (no boots)
Stlth    ..........             (no amulet)
HPRegen  0.13/turn              (no ring)
MPRegen  0.09/turn              (no ring)

@: no status effects
A: no striking features
a: no special abilities


You were on level 3 of the Dungeon.
You were not hungry.

You visited 1 branch of the dungeon, and saw 3 of its levels.

You collected 134 gold pieces.

Inventory:

Hand Weapons
 a - a +0 war axe (weapon)
Armour
 b - a +0 chain mail (worn)
 c - a +0 shield (worn)
 g - a +0 cloak (worn)
Scrolls
 h - a scroll of amnesia
 i - a scroll of fear
 l - a scroll of blinking
Potions
 d - a potion of cancellation
 e - a potion of brilliance
Comestibles
 f - 3 rations
 j - a chunk of flesh


   Skills:
 + Level 4.7 Fighting
 * Level 5.5 Axes
 - Level 3.2 Armour
 - Level 3.2 Shields


You had 3 spell levels left.
You didn't know any spells.
Your spell library was empty.

Dungeon Overview and Level Annotations

Branches:
Dungeon (3/15)

Altars:
Yredelemnul

Annotations:
D:2 Sigmund


Message History

You hit the ogre but do no damage. The ogre hits you with a giant club!!
* * * LOW HITPOINT WARNING * * *
A worm comes into view.
You are too injured to fight recklessly!
You are too injured to fight recklessly!
You are too injured to fight recklessly!
You are too injured to fight recklessly!
You are too injured to fight recklessly!
You are too injured to fight recklessly!
You are too injured to fight recklessly!
You are too injured to fight recklessly!
You are too injured to fight recklessly!
You are too injured to fight recklessly!
You are too injured to fight recklessly!
You are too injured to fight recklessly!
You are too injured to fight recklessly!
You are too injured to fight recklessly!
You completely miss the ogre. The ogre hits you with a giant club!!
Ouch! That really hurt!
You die...

.# #.# # #.# .....
... .....# ##
##.##..#..#. ..
...........
.####.##.##..#..#
......O@........#
w####.##........#.#
...............#.#
..........†........
....................
####.###.##†........
#.###.##....#..###
#................
####..#........


You could see an ogre and a worm.

Vanquished Creatures
  Robin (D:2)
  An adder (D:3)
  An ooze (D:1)
  2 worms
  2 leopard geckos
  5 orcs (D:3)
  5 giant cockroaches
  12 goblins
  6 hobgoblins
  3 jackals (D:2)
  A ball python (D:3)
  11 bats
  6 frilled lizards
  3 kobolds
  11 rats
70 creatures vanquished.

Notes
Turn   | Place    | Note
-------+----------+-------------------------------------------
     0 | D:1      | Ijustatesigmund the Hill Orc Fighter began the quest for the Orb.
     0 | D:1      | Reached XP level 1. HP: 19/19 MP: 1/1
   156 | D:1      | Reached skill level 3 in Axes
   181 | D:1      | Reached XP level 2. HP: 19/27 MP: 2/2
   403 | D:1      | Reached skill level 4 in Axes
   403 | D:1      | Reached XP level 3. HP: 31/33 MP: 3/3
   696 | D:2      | Found a basalt altar of Yredelemnul.
   756 | D:2      | Noticed Robin
   766 | D:2      | Killed Robin
   767 | D:2      | Reached XP level 4. HP: 41/41 MP: 4/4
   770 | D:2      | Reached skill level 5 in Axes
   898 | D:2      | Noticed Sigmund
  1431 | D:3      | Noticed an ogre
  1436 | D:3      | Demolished by an ogre

Vault maps used:
D:1:      dpeg_arrival_snail
D:2:      old_standard_altar, uniq_sigmund, uniq_robin
D:3:      overflow_temple_1_default, uniq_terence

Skill      XL: |  1  2  3  4 |
---------------+-------------+-----
Axes           | 3 4 5 |  5.5
Fighting       | 4 |  4.7
Armour         | |  3.2
Shields        | |  3.2

Action                   |  1- 3 |  4- 6 || total
-------------------------+-------+-------++-------
Melee: War axe           |    90 |    79 ||   169
  Use: Scroll            |     7 |     2 ||     9
       Potion            |     1 |       ||     1
  Eat: Ration            |       |     1 ||     1
Armor: Scale mail        |    29 |       ||    29
       Chain mail        |    49 |    50 ||    99
Dodge: Dodged            |    35 |    13 ||    48
Block: Shield            |    63 |    43 ||   106

Table legend:
 A = Spawn XP
 B = Non-spawn XP
 C = Spawn XP percentage of total XP
 D = Spawn monster count
 E = Non-spawn monster count
 F = Spawn count percentage of total count
 G = Total turns spent on level
                    A         B        C        D         E        F      G
               +---------+---------+-------+---------+---------+-------+---------
         Total |       0 |     154 |   0.0 |       0 |      70 |   0.0 |  1436
               +---------+---------+-------+---------+---------+-------+---------
           D:1 |       0 |      41 |   0.0 |       0 |      23 |   0.0 |   696
           D:2 |       0 |      71 |   0.0 |       0 |      33 |   0.0 |   257
           D:3 |       0 |      42 |   0.0 |       0 |      14 |   0.0 |   483
               +---------+---------+-------+---------+---------+-------+---------
